 Dungeon Crawl Stone Soup version 0.27.1-3-gb3d3a73c9e (webtiles) character file.

Game seed: 8288151717430515875

2337 Descartes the Ruffian (level 9, -3/84 HPs)
             Began as a Troll Warper on Oct 29, 2021.
             Was an Initiate of Gozag.
             Splashed by an acid dragon's acid (7 damage)
             ... on level 6 of the Dungeon.
             The game lasted 00:11:44 (4642 turns).

Descartes the Ruffian (Troll Warper)                Turns: 4642, Time: 00:11:47

Health: -3/84      AC:  2    Str: 22    XL:     9   Next: 19%
Magic:  12/12      EV: 10    Int: 10    God:    Gozag
Gold:   147        SH:  0    Dex: 10    Spells: 9/14 levels left

rFire    . . .     SeeInvis .     - Unarmed
rCold    . . .     Faith    .   (no shield)
rNeg     . . .     Spirit   .   a - +1 robe
rPois    .         Reflect  .   (helmet restricted)
rElec    .         Harm     .   G - +0 cloak
rCorr    .         Rampage  .   (gloves unavailable)
Will     .....                  (boots unavailable)
Stlth    +.........             (no amulet)
HPRegen  1.24/turn              e - ring of wizardry
MPRegen  0.13/turn              (no ring)

@: corroded
A: large, unfitting armour, claws 3, regeneration 1, shaggy fur 1, tough skin 1
a: Renounce Religion, Potion Petition, Call Merchant, Bribe Branch


You were on level 6 of the Dungeon.
You worshipped Gozag.
Gozag was aware of your devotion.
You visited 2 branches of the dungeon, and saw 7 of its levels.
You also visited: Sewer.

You collected 225 gold pieces.
You paid 78 gold pieces to Gozag.

Inventory:

Hand Weapons
 j - the +10 flail "Sumn" {flame, rPois}
   (You found it on level 4 of the Dungeon)

   It burns those it strikes, dealing additional fire damage.
   rPois:     It protects you from poison.
 v - a +1 short sword of holy wrath
 x - a +0 short sword of electrocution
 y - a +0 rapier
Missiles
 c - 10 boomerangs of dispersal (quivered)
 d - 164 stones
 i - 47 poisoned darts
 p - a curare-tipped dart
Armour
 a - a +1 robe (worn)
 G - a +0 cloak (worn)
Jewellery
 e - a ring of wizardry (left claw)
Wands
 z - a wand of paralysis (6)
 C - a wand of digging (17)
 E - a wand of mindburst (9)
 F - a wand of polymorph (12)
Scrolls
 b - 2 scrolls of blinking
 g - a scroll of fog
 o - a scroll of fear
 w - 2 scrolls of vulnerability
 A - 3 scrolls of magic mapping {unknown}
 D - a scroll of brand weapon {unknown}
 H - a scroll of enchant armour
Potions
 f - a potion of invisibility
 h - a potion of haste
 k - a potion of attraction {unknown}
 l - a potion of resistance
 m - 2 potions of might {unknown}
 n - 3 potions of curing
 q - 2 potions of cancellation
 r - 3 potions of heal wounds
 s - 2 potions of mutation {unknown}
 t - a potion of brilliance {unknown}
 u - a potion of magic {unknown}
 B - a potion of flight {unknown}


   Skills:
 + Level 4.1 Fighting
 + Level 4.1 Throwing
 + Level 4.4 Dodging
 * Level 6.8 Unarmed Combat
 + Level 3.0 Spellcasting
 + Level 4.1 Translocations
 + Level 0.1 Evocations


You had 9 spell levels left.
You knew the following spells:

 Your Spells              Type           Power      Damage    Failure   Level
a - Blink                 Tloc           N/A        N/A       3%          2
b - Teleport Other        Tloc           9%         N/A       6%          3

Your spell library contained the following spells:

 Spells                   Type           Power      Damage    Failure   Level
 Gell's Gravitas          Tloc           4%         N/A       6%          3
 Lesser Beckoning         Tloc           4%         N/A       6%          3
 Foxfire                  Conj/Fire      4%         2x1d4     12%         1
 Static Discharge         Conj/Air       1%         N/A       16%         2
 Conjure Flame            Conj/Fire      1%         6-21      32%         3
 Inner Flame              Hex/Fire       1%         N/A       32%         3
 Manifold Assault         Tloc           9%         N/A       45%         5
 Dispel Undead            Necr           1%         3d6       69%         4
 Sticky Flame             Conj/Fire      1%         2d3       69%         4


Dungeon Overview and Level Annotations

Branches:
Dungeon (6/15)             Temple (1/1) D:4           Sewer (visited)

Altars:
Ashenzari
Gozag
Kikubaaqudgha
Okawaru
Qazlal
Ru
Trog
Uskayaw
Vehumet
Wu Jian
Xom
Zin
The Shining One


Innate Abilities, Weirdness & Mutations

You are too large for most types of armour.
You have claws for hands.
Your natural rate of healing is unusually fast.
You are covered in fur. (AC +1)
You have tough skin. (AC +1)


Message History

The acid dragon bites you.
* * * LOW HITPOINT WARNING * * *
The acid dragon closely misses you.
You are too injured to fight recklessly!
You feel much better. The acid dragon bites you.
The acid dragon claws you but does no damage.
You barely miss the acid dragon.
The acid dragon is severely wounded.
You scratch the acid dragon.
The acid dragon is severely wounded.
The acid dragon closely misses you. The acid dragon claws you.
You scratch the acid dragon but do no damage.
The acid dragon is severely wounded.
The acid dragon spits acid at you. The splash of acid hits you!
* * * LOW HITPOINT WARNING * * *
You are splashed with acid!
* * * LOW HITPOINT WARNING * * *
You feel much better. The acid dragon barely misses you.
The acid dragon claws you.
You closely miss the acid dragon.
The acid dragon is severely wounded.
The acid dragon bites you! The acid dragon closely misses you.
You barely miss the acid dragon. Your claw misses the acid dragon.
The acid dragon is severely wounded.
The acid dragon misses you. The acid dragon claws you.
* * * LOW HITPOINT WARNING * * *
You barely miss the acid dragon.
The acid dragon is severely wounded.
The acid dragon bites you!
* * * LOW HITPOINT WARNING * * *
The acid dragon closely misses you.
You closely miss the acid dragon.
The acid dragon is severely wounded.
The acid dragon spits acid at you. The splash of acid hits you!
* * * LOW HITPOINT WARNING * * *
You are splashed with acid!
You die...
Your body crumbles into a pile of gold.

.#.#####.#....# #.#
>.............####.#
......####...<.....#
.#.#.....#.....###.#
.#.......##....###.#
#####....##......#.#
#....###.###.#.#
#..#.# #.# #.#.#
####.# #.. #@#.# $
.# ##.##D#.# #.#..
#.# #.. ###


You could see an acid dragon (catching breath).

Vanquished Creatures
  Pikel (D:4)
  Grinder (D:5)
  Sigmund (D:4)
  Edmund (D:5)
  A water moccasin (D:6)
  A necrophage (D:4)
  A centaur (D:5)
  An ogre (D:4)
  A kobold brigand (Sewer)
  Blork the orc (D:4)
  A wyvern zombie (D:5)
  A water moccasin zombie (D:5)
  3 scorpions
  A bullfrog zombie (D:4)
  A hound (D:4)
  Crazy Yiuf (D:5)
  Jessica (D:2)
  5 iguanas
  An orc wizard (D:5)
  4 gnolls (D:3)
  8 river rats
  11 adders
  An ufetubus (D:6)
  2 worms
  2 dart slugs
  6 orcs
  7 endoplasms
  3 giant cockroaches
  8 hobgoblins
  7 jackals
  27 kobolds
  4 quokkas
  17 ball pythons
  4 bats
  3 frilled lizards
  3 goblins
  30 rats
172 creatures vanquished.

Vanquished Creatures (others)
  20 plants
20 creatures vanquished.

Grand Total: 192 creatures vanquished

Notes
Turn   | Place    | Note
-------+----------+-------------------------------------------
     0 | D:1      | Descartes the Troll Warper began the quest for the Orb.
     0 | D:1      | Reached XP level 1. HP: 19/19 MP: 1/1
   136 | D:1      | Reached skill level 1 in Throwing
   236 | D:1      | Reached XP level 2. HP: 28/28 MP: 3/3
   568 | D:1      | Reached XP level 3. HP: 34/35 MP: 4/4
   865 | D:2      | Found a shimmering altar of Xom.
   938 | D:2      | Noticed Jessica
   945 | D:2      | Killed Jessica
   946 | D:2      | Reached skill level 3 in Unarmed Combat
   946 | D:2      | Reached XP level 4. HP: 42/42 MP: 5/5
  1448 | D:3      | Learned a level 2 spell: Blink
  1452 | D:3      | Learned a level 3 spell: Teleport Other
  1507 | D:3      | Found an iron altar of Okawaru.
  1553 | D:3      | Reached XP level 5. HP: 39/49 MP: 6/6
  1864 | D:3      | Found a glowing drain.
  1885 | Sewer    | Entered a sewer
  2148 | Sewer    | Reached XP level 6. HP: 53/58 MP: 7/7
  2199 | Sewer    | Reached skill level 4 in Unarmed Combat
  2977 | D:4      | Identified the +10 flail "Sumn" {flame, rPois}
  2987 | D:4      | Reached XP level 7. HP: 66/66 MP: 9/9
  3025 | D:4      | Noticed Pikel
  3044 | D:4      | Killed Pikel
  3045 | D:4      | Reached skill level 5 in Unarmed Combat
  3049 | D:4      | Reached XP level 8. HP: 23/75 MP: 10/10
  3485 | D:4      | Noticed Sigmund
  3486 | D:4      | Noticed Blork the orc
  3492 | D:4      | Killed Sigmund
  3502 | D:4      | Killed Blork the orc
  3553 | D:4      | Found a staircase to the Ecumenical Temple.
  3587 | Temple   | Entered the Ecumenical Temple
  3855 | D:4      | Found an ornate altar of the Wu Jian Council.
  4033 | D:5      | Entered Level 5 of the Dungeon
  4056 | D:5      | Reached skill level 6 in Unarmed Combat
  4163 | D:5      | Found a glowing silver altar of Zin.
  4269 | D:5      | Found an opulent altar of Gozag.
  4296 | D:5      | Found an opulent altar of Gozag.
  4297 | D:5      | Found an opulent altar of Gozag.
  4317 | D:5      | Found an opulent altar of Gozag.
  4328 | D:5      | Became a worshipper of Gozag Ym Sagoz the Greedy
  4378 | D:5      | Noticed Grinder
  4385 | D:5      | Killed Grinder
  4386 | D:5      | Reached XP level 9. HP: 42/84 MP: 12/12
  4428 | D:5      | Noticed Edmund
  4440 | D:5      | Killed Edmund
  4493 | D:5      | Found a runed translucent door.
  4494 | D:5      | Noticed Crazy Yiuf
  4501 | D:5      | Killed Crazy Yiuf
  4642 | D:6      | HP: 4/84 [acid dragon/splash of acid (11)]
  4642 | D:6      | Splashed by an acid dragon's acid

Illustrated notes

Levels and vault maps discovered:
D:1:      dpeg_arrival_castle, layout_basic, serial_curves, eino_curves_03,
          eino_curves_03
D:2:      minmay_recursive_quarters, layout_loops_ring, basic_altar,
          lexackson_kobold_supper, uniq_jessica
D:3:      layout_basic, mainiacjoe_overflow_paths, portal_sewer_entry_c,
          minmay_surrounded
D:4:      layout_rooms, pdpol_wu_jian_five_deadly_venoms, temple_pool_b,
          serial_bayou, serial_bayou_pond_c, serial_bayou_crossing,
          serial_bayou_shore_a, serial_bayou_lagoon_b, serial_bayou_ford_a,
          serial_bayou_pond_d, uniq_pikel, uniq_blork_the_orc, uniq_sigmund
D:5:      layout_rooms, nicolae_gozag_conspicuous_consumption,
          old_standard_altar, uniq_edmund, uniq_crazy_yiuf_cottage, uniq_grinder
D:6:      layout_basic, grunt_dithmenos_smoke
Temple:   nicolae_temple_figure_zero

Skill      XL: |  1  2  3  4  5  6  7  8  9 |
---------------+----------------------------+-----
Dodging        | 2 3 4 |  4.4
Throwing       | 1 2 3 4 |  4.1
Unarmed Combat | 3 4 5 6 |  6.8
Fighting       | 2 3 4 |  4.1
Spellcasting   | 2 3 |  3.0
Translocations | 3 4 |  4.1
Evocations     | |  0.1

Action                   |  1- 3 |  4- 6 |  7- 9 || total
-------------------------+-------+-------+-------++-------
Melee: Unarmed           |    83 |   306 |   172 ||   561
       Punch             |       |     1 |     1 ||     2
  Use: Scroll            |       |     9 |       ||     9
       Potion            |       |       |     2 ||     2
 Stab: Sleeping          |     1 |       |       ||     1
       Distracted        |       |     1 |       ||     1
Armor: Robe              |    28 |   123 |    38 ||   189
Dodge: Dodged            |    42 |   199 |    81 ||   322
